 Seeded DCSS version 0.30-a0-471-g4f163fc (webtiles) character file.

Game seed: 6635991014646811235 (custom seed)

93 Geeful the Sneak (level 4, -3/25 HPs)
             Began as a Deep Elf Brigand on Dec 20, 2022.
             Slain by Terence
             ... wielding a +0 flail
              (10 damage)
             ... on level 3 of the Dungeon.
             The game lasted 00:08:15 (2078 turns).

Geeful the Sneak (Deep Elf Brigand)                 Turns: 2078, Time: 00:08:16

Health: -3/25      AC:  3    Str:  8    XL:     4   Next: 36%
Magic:  11/11      EV: 13    Int: 18    God:
Gold:   67         SH:  0    Dex: 16    Spells: 10/10 levels left

rFire   . . .      SeeInvis .    b - +0 long sword
rCold   . . .      Faith    .    (no shield)
rNeg    . . .      Spirit   .    o - +0 robe
rPois   .          Reflect  .    (no helmet)
rElec   .          Harm     .    c - +0 cloak
rCorr   .          Rampage  .    (no gloves)
Will    .....                    (no boots)
Stlth   +++.......               (no amulet)
HPRegen 0.24/turn                (no ring)
MPRegen 0.12/turn                (no ring)

@: no status effects
A: no striking features
a: no special abilities


You were on level 3 of the Dungeon.
You visited 1 branch of the dungeon, and saw 3 of its levels.

You collected 67 gold pieces.

Inventory:

Hand Weapons
 a - a +2 dagger
 b - a +0 long sword (weapon)
 v - a +0 falchion of holy wrath
Missiles
 d - 2 poisoned darts (quivered)
 e - 3 curare-tipped darts
Armour
 c - a +0 cloak (worn)
 o - a +0 robe (worn)
Jewellery
 h - a ring of fire
 q - a ring of fire
Scrolls
 j - a scroll of teleportation {unknown}
 l - a scroll of butterflies {unknown}
 p - a scroll of immolation {unknown}
 r - a scroll of acquirement {unknown}
 t - a scroll of identify
 u - a scroll of enchant weapon {unknown}
Potions
 f - 3 potions of heal wounds {unknown}
 g - 3 potions of curing
 i - 3 potions of magic {unknown}
 k - a potion of attraction {unknown}
 m - a potion of might
 n - a potion of cancellation
 s - a potion of mutation {unknown}
 w - a potion of ambrosia {unknown}


   Skills:
 - Level 1.5 Fighting
 - Level 2.0 Short Blades
 - Level 2.0 Throwing
 + Level 3.7 Dodging
 - Level 4.8 Stealth
 + Level 3.7 Spellcasting


You had 10 spell levels left.
You didn't know any spells.
Your spell library contained the following spells:

 Spells                   Type           Power      Damage    Failure   Level
 Necrotise                Necr           12%        1d4       16%         1
 Vampiric Draining        Necr           3%         2d6       41%         3
 Agony                    Necr           3%         N/A       99%         5


Dungeon Overview and Level Annotations

Branches:
Dungeon (3/15)

Altars:
Yredelemnul

Shops:
D:2 (

Annotations:
D:3 Terence


Message History

The poisoned dart closely misses Terence.
Throw: 4 darts (poison)
Press: ? - help, Q - select action, (/) - cycle Shift-Dir - straight line, f/p - Terence
Aim: Terence, wielding a +0 flail, wearing a +0 chain mail and carrying a wand of polymorph (6) (lightly wounded, poisoned, 68% to hit)
You throw a poisoned dart.
The poisoned dart barely misses Terence.
Throw: 3 darts (poison)
Press: ? - help, Q - select action, (/) - cycle Shift-Dir - straight line, f/p - Terence
Aim: Terence, wielding a +0 flail, wearing a +0 chain mail and carrying a wand of polymorph (6) (lightly wounded, poisoned, 68% to hit)
You throw a poisoned dart.
The poisoned dart closely misses Terence.
Terence hits you with a +0 flail.
b - a +0 long sword (weapon)
Unknown command.
Unknown command.
You closely miss Terence.
Terence is lightly wounded.
Terence barely misses you. Terence closely misses you.
You hit Terence.
Terence is lightly wounded.
Terence looks more healthy.
Terence closely misses you.
You hit Terence.
Terence is heavily wounded.
Terence barely misses you.
You barely miss Terence.
Terence is heavily wounded.
Terence misses you.
Terence shouts, "ATTACK!!!"
Terence hits you with a +0 flail.
You hit Terence but do no damage.
Terence is heavily wounded.
Terence hits you with a +0 flail.
You hit Terence but do no damage. You punch Terence, but do no damage.
Terence is heavily wounded.
Terence hits you with a +0 flail!
* * * LOW HITPOINT WARNING * * *
You hit Terence but do no damage.
Terence is heavily wounded.
Terence hits you with a +0 flail!
You die...

######..........
#.######### #.#
##'## ##...##
##.....##
#.......##
#.........####...
+........@@..(..(
#.........####...
##.......##
##<....## ##...##
##+#


You could see Terence.

Vanquished Creatures
  Natasha (D:3)
  2 adders (D:2)
  3 dart slugs
  2 orcs (D:3)
  6 bats
  6 endoplasms
  2 goblins
  4 hobgoblins
  A quokka (D:2)
  6 ball pythons
  4 frilled lizards
  5 rats
42 creatures vanquished.

Notes
Turn   | Place    | Note
-------+----------+-------------------------------------------
     0 | D:1      | Geeful the Deep Elf Brigand began the quest for the Orb.
     0 | D:1      | Reached XP level 1. HP: 12/12 MP: 3/3
   137 | D:1      | Reached skill level 1 in Spellcasting
   188 | D:1      | Reached XP level 2. HP: 16/16 MP: 4/6
  1120 | D:2      | Reached XP level 3. HP: 20/20 MP: 8/8
  1365 | D:2      | Found a basalt altar of Yredelemnul.
  1444 | D:2      | Found Narafup's Weapon Emporium.
  1994 | D:3      | Reached XP level 4. HP: 25/25 MP: 11/11
  2006 | D:3      | Noticed Natasha
  2016 | D:3      | Killed Natasha
  2065 | D:3      | Noticed Terence
  2078 | D:3      | Slain by Terence

Illustrated notes

Levels and vault maps discovered:
D:1:      wheals_arrival_linesprint, layout_basic
D:2:      cheibrodos_helix_gallery, layout_loops_ring, serial_shops,
          nicolae_shop_behind_doors, basic_altar
D:3:      layout_loops_corners, ebering_ghost_disaster_area, uniq_terence,
          uniq_natasha

Skill      XL: |  1  2  3 |
---------------+----------+-----
Spellcasting   | 1 2 3 |  3.7
Dodging        | 2 3 |  3.7
Fighting       | |  1.5
Short Blades   | |  2.0
Throwing       | |  2.0
Stealth        | |  4.8

Action                   |  1- 3 |  4- 6 || total
-------------------------+-------+-------++-------
Melee: Dagger            |    72 |       ||    72
       Long sword        |    18 |    12 ||    30
       Punch             |       |     1 ||     1
Throw: Dart              |    13 |     5 ||    18
  Use: Scroll            |     3 |       ||     3
 Stab: Sleeping          |    15 |       ||    15
Armor: Robe              |    17 |       ||    17
Dodge: Dodged            |    53 |     8 ||    61

Table legend: (Time is in decaauts)
 A = Elapsed time spent in this place.
 B = Non-inter-level travel time spent in this place.
 C = Inter-level travel time spent in this place.
 D = Time resting spent in this place.
 E = Time spent auto-exploring this place.
 F = Levels seen in this place.
 G = Mean time per level.
                   A        B        C        D        E       F      G
               +--------+--------+--------+--------+--------+-----+--------+
         Total |   2073 |   1966 |    107 |    114 |   1274 |   3 |  691.0 |
       Dungeon |   2073 |   1966 |    107 |    114 |   1274 |   3 |  691.0 |
               +--------+--------+--------+--------+--------+-----+--------+

Top non-repeatable levels by time:
     D:1: 1062 daAuts
     D:2: 834 daAuts
     D:3: 175 daAuts
